 Dungeon Crawl Stone Soup version 0.16.0-16-g311141a (webtiles) character file.

169 valak23 the Shield-Bearer (level 5, -2/28 HPs)
             Began as a Vine Stalker Fighter on Mar 19, 2015.
             Was an Initiate of the Shining One.
             Slain by a goliath beetle (4 damage)
             ... on level 4 of the Dungeon.
             The game lasted 00:06:55 (2432 turns).

valak23 the Shield-Bearer (Vine Stalker Fighter)    Turns: 2432, Time: 00:06:55

Health: -2/28      AC: 10    Str: 18    XL:     5   Next: 50%
Magic:  0/7        EV:  7    Int:  8    God:    the Shining One [......]
Gold:   167        SH:  9    Dex: 15    Spells: 0 memorised, 4 levels left

rFire  . . .     SeeInvis .     n - +6 hand axe
rCold  . . .     Clarity  .     b - +0 scale mail
rNeg   . . .     SustAb   .     c - +0 shield
rPois  .         Gourm    .     (no helmet)
rElec  .         Spirit   +     (no cloak)
rCorr  .         Warding  .     (no gloves)
rMut   .         Stasis   .     h - +2 pair of boots
MR     .....                    (no amulet)
Stlth  ..........               (no ring)
                                (no ring)

@: not resistant to hostile enchantments, extremely unstealthy
A: fangs 2, regeneration 1, magic shield, antimagic bite, no device heal 3, rot
immunity
a: Renounce Religion


You were on level 4 of the Dungeon.
You worshipped the Shining One.
The Shining One was noncommittal.
You were full.

You visited 1 branch of the dungeon, and saw 4 of its levels.

You collected 167 gold pieces.

Inventory:

Hand weapons
 a - a +1 war axe
 j - a +2 club
 n - a +6 hand axe (weapon)
 p - a +0 short sword of holy wrath
Armour
 b - a +0 scale mail (worn)
 c - a +0 shield (worn)
 h - a +2 pair of boots (worn)
Scrolls
 f - a scroll of remove curse
 g - a scroll of magic mapping {unknown}
 k - a scroll of immolation {unknown}
 l - 2 scrolls of identify {unknown}
Potions
 e - a potion of might
 i - 2 potions of curing {unknown}
 o - a potion of ambrosia {unknown}
 q - a potion of berserk rage {unknown}
Comestibles
 d - a bread ration
 m - a slice of pizza


   Skills:
 + Level 3.1 Fighting
 * Level 2.3 Axes
 - Level 0.1(1.3) Maces & Flails
 + Level 3.4 Armour
 + Level 1.2 Dodging
 - Level 0.3 Stealth
 + Level 3.5 Shields


You had 4 spell levels left.
You didn't know any spells.

Dungeon Overview and Level Annotations

Branches:
Dungeon (4/15)
 Temple: D:4-7

Altars:
The Shining One


Innate Abilities, Weirdness & Mutations

You have extremely sharp teeth.
Your natural rate of healing is unusually fast.
When hurt, damage is shared between your health and your magic reserves.
Your bite disrupts and absorbs the magic of your enemies.
Potions and wands cannot restore your health.
You are immune to rotting.


Message History

No target in view!
No target in view!
o - a bubbling golden potion
q - a lumpy black potion A goliath beetle comes into view.
The goliath beetle twitches its antennae in your direction.
You see here a brown potion.
The goliath beetle waves its antennae.
You block the goliath beetle's attack.
You hit the goliath beetle but do no damage.
You slash the goliath beetle!
The goliath beetle is moderately wounded.
The goliath beetle bites you!!
Ouch! That really hurt!
* * * LOW HITPOINT WARNING * * *
You hit the goliath beetle!
You bite the goliath beetle, but do no damage.
The goliath beetle is heavily wounded.
The goliath beetle bites you.
You die...

##.
...
##.##
#...#
#§§≈#
#§§≈#
§.§
#B#
#@#
##.##
#...#
#...#
#...#
#.!.#
#...#
#...#
#...#


You could see a goliath beetle.

Vanquished Creatures
  An iguana (D:4)
  An orc priest (D:3)
  An orc wizard (D:2)
  Jessica (D:2)
  2 worms (D:2)
  5 orcs (D:3)
  12 bats
  3 giant cockroaches (D:2)
  4 goblins
  7 hobgoblins
  4 jackals (D:3)
  2 kobolds (D:3)
  5 rats (D:2)
48 creatures vanquished.

Notes
Turn   | Place    | Note
--------------------------------------------------------------
     0 | D:1      | valak23, the Vine Stalker Fighter, began the quest for the Orb.
     0 | D:1      | Reached XP level 1. HP: 11/11 MP: 1/1
   550 | D:1      | Reached XP level 2. HP: 11/16 MP: 3/3
   561 | D:1      | Reached skill level 3 in Shields
   864 | D:2      | Noticed Jessica
   867 | D:2      | Killed Jessica
   867 | D:2      | Reached XP level 3. HP: 19/19 MP: 4/4
  1458 | D:2      | Found a glowing golden altar of the Shining One.
  1467 | D:2      | Became a worshipper of the Shining One
  1777 | D:3      | Reached XP level 4. HP: 10/24 MP: 2/5
  1840 | D:2      | Reached skill level 1 in Dodging
  1840 | D:2      | Reached XP level 5. HP: 11/28 MP: 4/7
  2432 | D:4      | Slain by a goliath beetle

Action                   |  1- 3 |  4- 6 || total
-------------------------+-------+-------++-------
Melee: War axe           |    33 |    46 ||    79
       Club              |    30 |       ||    30
       Hand axe          |       |     8 ||     8
  Use: Scroll            |     6 |       ||     6
  Eat: Meat ration       |     2 |       ||     2
